 Dungeon Crawl Stone Soup version 0.29.1-15-g9cfb28693d (webtiles) character file.

Game seed: 920775841984824448

149 leafyfresh the Sneak (level 5, -3/37 HPs)
             Began as an Octopode Delver on Mar 4, 2023.
             Slain by a thrashing horror (9 damage)
             ... on level 4 of the Abyss.
             The game lasted 00:01:58 (636 turns).

leafyfresh the Sneak (Octopode Delver)               Turns: 636, Time: 00:01:59

Health: -3/37      AC:  1    Str: 11    XL:     5   Next: 31%
Magic:  5/5        EV: 14    Int: 14    God:
Gold:   32         SH:  0    Dex: 14    Spells: 4/4 levels left

rFire   . . .      SeeInvis .   a - +0 short sword
rCold   . . .      Faith    .   (no shield)
rNeg    . . .      Spirit   .   (helmet restricted)
rPois   .          Reflect  .   (no amulet)
rElec   .          Harm     .   (no ring)
rCorr   .          Rampage  .   (no ring)
Will    .....                   (no ring)
Stlth   ++++++....              (no ring)
HPRegen 0.12/turn               (no ring)
MPRegen 0.09/turn               (no ring)
                                (no ring)
                                (no ring)

@: no status effects
A: almost no armour, amphibious, 8 rings, camouflage 1, gelatinous body 1,
nimble swimmer 1, tentacles
a: no special abilities


You were on level 4 of the Abyss.
You visited 1 branch of the dungeon, and saw 2 of its levels.
You visited the Abyss 1 time.

You collected 32 gold pieces.

Inventory:

Hand Weapons
 a - a +0 short sword (weapon)
Missiles
 i - 2 datura-tipped darts (quivered)
Wands
 f - a wand of digging (3)
 g - a wand of iceblast (5)
Scrolls
 b - a scroll of fog
 c - a scroll of magic mapping
 d - a scroll of fear
Potions
 e - a potion of haste


   Skills:
 + Level 4.1 Fighting
 - Level 2.0 Short Blades
 + Level 3.4 Dodging
 + Level 7.8 Stealth


You had 4 spell levels left.
You didn't know any spells.
Your spell library was empty.

Dungeon Overview and Level Annotations

Branches:
Dungeon (5/15)
 Temple: D:4-7

Altars:

Annotations:
D:4 1 runed translucent door, Eustachio; jtron's ghost, amateur BaFi


Innate Abilities, Weirdness & Mutations

You cannot wear most types of armour.
You are amphibious.
You can wear up to eight rings at the same time.
Your skin changes colour to match your surroundings (Stealth+).
Your rubbery body absorbs attacks. (AC +1, EV +1)
You are camouflaged when in or above water. (Stealth+)
You have tentacles for arms and can constrict up to eight enemies at once.


Message History

Eustachio is lightly wounded.
Eustachio hits you with a +1 rapier of distortion!
You are cast into the Abyss!
This branch contains the abyssal rune of Zot.
A lurking horror is cast out of reality.
Unknown command.
Found a radiant altar of Vehumet.
Found a gateway leading deeper into the Abyss.
There is a gateway leading deeper into the Abyss here.
You plunge deeper into the Abyss.
Found a gateway leading deeper into the Abyss.
There is a gateway leading deeper into the Abyss here.
You plunge deeper into the Abyss.
The abyssal rune of Zot can be found at this depth.
The abyssal matter surrounding you shimmers strangely.
You detect the abyssal rune!
Unknown command.
Found a gateway leading deeper into the Abyss.
There is a gateway leading deeper into the Abyss here.
You plunge deeper into the Abyss.
The abyssal rune of Zot can be found at this depth.
The abyss shimmers again as the detected abyssal rune vanishes from your memory and reappears.
Unknown command.
A thrashing horror comes into view.
A thrashing horror comes into view.
The thrashing horror roars!
The thrashing horror tramples you!
You hold your ground!
The thrashing horror tramples you.
You stumble backwards!
The thrashing horror tramples you!
You hold your ground!
The thrashing horror misses you.
The thrashing horror roars!
The thrashing horror tramples you but does no damage.
The thrashing horror closely misses you.
The thrashing horror tramples you!
* * * LOW HITPOINT WARNING * * *
You stumble backwards!
Floosh!
The thrashing horror attacks as you move away!
The thrashing horror tramples you!
You die...

... . .#~.# . ..~
.#.## ... .~..#.
.#.~~#..### ..#..~...#
.###~..# . ..#@#.# . .
#. #.#X..##.....#
#.##.#~.#..#.#. #
#....X#.#.#....## .
###...~~#.#..#....#..
.....~.#...#..#X .#.#
..#.#.......#......#
.....#~.....X .. ###
....~..~..............


You could see 2 thrashing horrors.

Vanquished Creatures
  2 orc priests (D:5)
  An iguana (D:5)
  Ijyb (D:4)
  An orc wizard (D:5)
  A gnoll (D:4)
  A dart slug (D:4)
  An orc (D:5)
  A hobgoblin (D:4)
9 creatures vanquished.

Notes
Turn   | Place    | Note
-------+----------+-------------------------------------------
     0 | D:5      | leafyfresh the Octopode Delver began the quest for the Orb.
     0 | D:5      | Reached XP level 1. HP: 16/16 MP: 1/1
    14 | D:5      | Noticed an orc wizard
    16 | D:5      | Noticed an orc priest
    19 | D:5      | Killed an orc wizard
    20 | D:5      | Reached skill level 7 in Stealth
    20 | D:5      | Reached XP level 2. HP: 21/21 MP: 2/2
    20 | D:5      | Reached XP level 3. HP: 26/26 MP: 3/3
    26 | D:5      | Reached XP level 4. HP: 33/33 MP: 4/4
   281 | D:4      | Noticed jtron's ghost (amateur BaFi)
   281 | D:4      | Found a runed translucent door.
   286 | D:4      | Reached XP level 5. HP: 31/37 MP: 5/5
   341 | D:4      | Noticed Ijyb
   353 | D:4      | Killed Ijyb
   482 | D:4      | Noticed Eustachio
   504 | Abyss:1  | Cast into level 1 of the Abyss (Eustachio)
   549 | Abyss:1  | Found a radiant altar of Vehumet.
   618 | Abyss:4  | Noticed a thrashing horror
   625 | Abyss:4  | Noticed a thrashing horror
   636 | Abyss:4  | Slain by a thrashing horror

Illustrated notes

Levels and vault maps discovered:
D:4:      layout_loops_ring, zin_statuary, ebering_ghost_sewer_f,
          uniq_eustachio, uniq_ijyb
D:5:      layout_loops_cross, makhleb_altar_promises_db,
          mainiacjoe_overflow_catwalk_spiral, nicolae_take_the_stairs,
          hangedman_decor_diamond_cutter, uniq_crazy_yiuf_cottage
Abyss:4:  base: D:1, hangedman_abyss_rune_macabre_mess

Skill      XL: |  1  2  3  4 |
---------------+-------------+-----
Stealth        | 7 |  7.8
Dodging        | 3 |  3.4
Fighting       | 4 |  4.1
Short Blades   | |  2.0

Action                   |  1- 3 |  4- 6 || total
-------------------------+-------+-------++-------
Melee: Short sword       |     5 |    20 ||    25
       Constrict         |     1 |     4 ||     5
       Tentacles         |       |     9 ||     9
Throw: Dart              |       |     8 ||     8
 Stab: Sleeping          |     3 |     2 ||     5
Armor: Skin              |       |     3 ||     3
Dodge: Dodged            |     2 |    17 ||    19
